 Dungeon Crawl Stone Soup version 0.27-a0-931-g5a74e75d8f (webtiles) character file.

Game seed: 8205242353949380306

9 polve the Skirmisher (level 2, -1/24 HPs)
             Began as a Demonspawn Abyssal Knight on Apr 10, 2021.
             Was a Follower of Lugonu.
             Slain by a goblin
             ... wielding a +0 club
              (3 damage)
             ... on level 1 of the Dungeon.
             The game lasted 00:00:25 (778 turns).

polve the Skirmisher (Demonspawn Abyssal Knight)     Turns: 778, Time: 00:00:25

Health: -1/24      AC:  3    Str: 12    XL:     2   Next: 3%
Magic:  3/3        EV: 11    Int: 13    God:    Lugonu [*.....]
Gold:   58         SH:  0    Dex: 12    Spells: 1/1 levels left

rFire    . . .     SeeInvis .   (no weapon)
rCold    . . .     Faith    .   (no shield)
rNeg     . . .     Spirit   .   b - +0 leather armour
rPois    .         Reflect  .   (no helmet)
rElec    .         Harm     .   (no cloak)
rCorr    .         Rampage  .   (no gloves)
Will     .....                  (no boots)
Stlth    +.........             (no amulet)
HPRegen  0.08/turn              (no ring)
MPRegen  0.08/turn              (no ring)

@: no status effects
A: powered by pain 1
a: Renounce Religion, Depart the Abyss


You were on level 1 of the Dungeon.
You worshipped Lugonu.
Lugonu was aware of your devotion.
You visited 1 branch of the dungeon, and saw 1 of its levels.
You visited the Abyss 1 time.

You collected 58 gold pieces.

Inventory:

Hand Weapons
 a - a +1 falchion
Armour
 b - a +0 leather armour (worn)
Scrolls
 c - a scroll of fear {unknown}
 d - a scroll of acquirement {unknown}
Potions
 e - a potion of heal wounds {unknown}


   Skills:
 - Level 3.0 Fighting
 + Level 2.5 Long Blades
 - Level 1.7 Armour
 - Level 0.8 Dodging
 - Level 2.4 Invocations


You had one spell level left.
You didn't know any spells.
Your spell library was empty.

Dungeon Overview and Level Annotations

Branches:
Dungeon (1/15)

Altars:


Innate Abilities, Weirdness & Mutations

You sometimes gain a little power by taking damage.


Message History

Lugonu accepts your kill.
You have reached level 2!
Your demonic ancestry asserts itself...
You feel energised by your suffering.
You see here a giant cockroach corpse.
Found a short sword.
You are now empty-handed.
A goblin comes into view. It is wielding a +0 club.
The goblin hits you with a +0 club. The goblin hits you with a +0 club.
The goblin hits you with a +0 club. The goblin hits you with a +0 club.
The goblin hits you with a +0 club. The goblin misses you.
The goblin closely misses you. The goblin closely misses you.
The goblin closely misses you. The goblin misses you.
The goblin hits you but does no damage. The goblin barely misses you.
The goblin barely misses you. The goblin hits you with a +0 club.
The goblin closely misses you. The goblin barely misses you.
The goblin barely misses you. The goblin completely misses you.
The goblin barely misses you. The goblin closely misses you.
The goblin hits you with a +0 club. The goblin barely misses you.
The goblin hits you with a +0 club.
* * * LOW HITPOINT WARNING * * *
The goblin hits you but does no damage. The goblin hits you but does no damage.
The goblin hits you with a +0 club.
* * * LOW HITPOINT WARNING * * *
The goblin hits you with a +0 club.
* * * LOW HITPOINT WARNING * * *
The goblin hits you with a +0 club.
You die...

....###############......#
#..≈.. .........#....#
#......# #...≈≈
.........#....### #......#
###... ^...............#
#......# ##.
..)†.....#....#.######.#.#
##
.........................#
#
##.......######.#....###.#
#.#..........#...........
#.#..#######.#.@....##
##.#....# #.g#...)..
#.....#.# #..#.#.### #
#.....#.# #..# . # #
#.....#.# #..# . .
......#.# #..# .#
......#.# #..# .#.####.#
#..# .#.# .#


You could see a goblin.

Vanquished Creatures
  An endoplasm (D:1)
  A giant cockroach (D:1)
  A goblin (D:1)
  A hobgoblin (D:1)
  3 kobolds (D:1)
  A rat (D:1)
8 creatures vanquished.

Notes
Turn   | Place    | Note
-------+----------+-------------------------------------------
     0 | Abyss:1  | polve the Demonspawn Abyssal Knight began the quest for the
                  | Orb.
     0 | Abyss:1  | Reached XP level 1. HP: 18/18 MP: 2/2
    70 | Abyss:1  | Noticed a ynoxinul
    79 | Abyss:1  | Noticed a starcursed mass
    82 | D:1      | Escaped the Abyss
   422 | D:1      | Reached * piety under Lugonu
   648 | D:1      | Found a faded altar of an unknown god.
   729 | D:1      | Gained mutation: You sometimes gain a little power by
                  | taking damage. [demonic ancestry]
   729 | D:1      | Reached XP level 2. HP: 24/24 MP: 3/3
   778 | D:1      | Slain by a goblin

Illustrated notes

Levels and vault maps discovered:
D:1:      ebering_trefoil_3fold, layout_basic,
          hellmonk_ecumenical_altar_inner_sanctum, minmay_pentomino_q2

Skill      XL: |  1 |
---------------+----+-----
Long Blades    | 2 |  2.5
Fighting       | |  3.0
Armour         | |  1.7
Dodging        | |  0.8
Invocations    | |  2.4

Action                   || total
-------------------------++-------
Melee: Falchion          ||    20
Invok: Depart the Abyss  ||     1
Armor: Leather armour    ||     9
Dodge: Dodged            ||    23
       Rpst.: Falchion   ||     3

Table legend: (Time is in decaauts)
 A = Elapsed time spent in this place.
 B = Non-inter-level travel time spent in this place.
 C = Inter-level travel time spent in this place.
 D = Time resting spent in this place.
 E = Time spent auto-exploring this place.
 F = Levels seen in this place.
 G = Mean time per level.
                   A        B        C        D        E       F      G
               +--------+--------+--------+--------+--------+-----+--------+
         Total |    780 |    780 |      0 |      0 |    679 |   2 |  390.0 |
       Dungeon |    698 |    698 |      0 |      0 |    609 |   1 |  698.0 |
         Abyss |     82 |     82 |      0 |      0 |     70 |   1 |   82.0 |
               +--------+--------+--------+--------+--------+-----+--------+

Top non-repeatable levels by time:
     D:1: 698 daAuts
 Abyss:1: 82 daAuts
